EL
NORTHWEST ARKANSAS NATURALS @ JACKSON GENERALS
07/16/2049
 
TOP OF THE 1ST
Northwest Arkansas Naturals batting - Pitching for Jackson Generals : RHP Kyle Wood
Pitching: RHP Kyle Wood
Batting: RHB Chad Sullivan 0-0: Ball
1-0: Ground out 5-3 (Groundball, 56S, EV 79.4 MPH)
Batting: RHB Edwin Ramos 0-0: Called Strike
0-1: Foul Ball, location: 2F
0-2: Foul Ball, location: 2F
0-2: Strikes out looking
Batting: LHB Edgar Ortiz 0-0: Foul Ball, location: 2F
0-1: DOUBLE (Line Drive, 9LM, EV 100.0 MPH)
Batting: RHB Nick Julien 0-0: Ball
1-0: Called Strike
1-1: Foul Ball, location: 2F
1-2: Ball
2-2: Ground out 5-3 (Groundball, 56, EV 78.8 MPH)
Top of the 1st over - 0 runs, 1 hit, 0 errors, 1 left on base; Northwest Arkansas 0 - Jackson 0
BOTTOM OF THE 1ST
Jackson Generals batting - Pitching for Northwest Arkansas Naturals : RHP Nam Phong
Pitching: RHP Nam Phong
Batting: RHB Enrique Valdez 0-0: Ball
1-0: Ball
2-0: Called Strike
2-1: Ground out 5-3 (Groundball, 25, EV 84.4 MPH)
Batting: LHB Chris Jackson 0-0: Foul Ball, location: 2F
0-1: Fly out, F7 (Flyball, 7, EV 96.2 MPH)
Batting: LHB Addisu Nyamekye 0-0: Hit by Pitch
Batting: RHB Kinzo Yokoyama 0-0: Called Strike
0-1: Ball
1-1: Foul Ball, location: 2F
1-2: Strikes out swinging
Bottom of the 1st over - 0 runs, 0 hits, 0 errors, 1 left on base; Northwest Arkansas 0 - Jackson 0
TOP OF THE 2ND
Northwest Arkansas Naturals batting - Pitching for Jackson Generals : RHP Kyle Wood
Batting: LHB Danny Zuniga 0-0: Ball
1-0: SINGLE (Groundball, 34D, EV 108.1 MPH)
Batting: RHB Jonas Fernandez 0-0: Called Strike
0-1: SINGLE (Groundball, 34D, EV 103.8 MPH)
Danny Zuniga to second
Batting: RHB Ian Hornsby 0-0: Called Strike
0-1: Swinging Strike
0-2: Ball
1-2: Ball
2-2: Foul Ball, location: 2F
2-2: Strikes out swinging
Batting: LHB David Bearden 0-0: Ball
1-0: Ball
2-0: Called Strike
2-1: DOUBLE (Line Drive, 89D, EV 105.6 MPH)
Danny Zuniga scores
Jonas Fernandez to third
Batting: RHB Trevor Kingston 0-0: Called Strike
0-1: Fly out, F4 (Line Drive, 4MD, EV 66.2 MPH)
Batting: RHB Chad Sullivan 0-0: Called Strike
0-1: Ball
1-1: Foul Ball, location: 2F
1-2: Foul Ball, location: 2F
1-2: Foul Ball, location: 2F
1-2: SINGLE (Flyball, 8RS, EV 83.1 MPH)
Jonas Fernandez scores
David Bearden to third
Runner from 3rd tries for Home, SAFE, throw by CF to home
Chad Sullivan to second
Batting: RHB Edwin Ramos 0-0: Ball
1-0: Ball
2-0: Called Strike
2-1: Foul Ball, location: 2F
2-2: Strikes out looking
Top of the 2nd over - 3 runs, 4 hits, 0 errors, 1 left on base; Northwest Arkansas 3 - Jackson 0
BOTTOM OF THE 2ND
Jackson Generals batting - Pitching for Northwest Arkansas Naturals : RHP Nam Phong
Batting: LHB Jason Kinney 0-0: Ball
1-0: Swinging Strike
1-1: Fly out, F7 (Flyball, 7LSF, EV 91.9 MPH)
Batting: RHB Chris Olheiser 0-0: Ball
1-0: Called Strike
1-1: Ball
2-1: SINGLE (Groundball, 6MD, EV 96.9 MPH)
Batting: RHB Mike Conaway 0-0: Ball
1-0: Ball
2-0: Called Strike
2-1: Foul Ball, location: 2F
2-2: Ball
3-2: Foul Ball, location: 2F
3-2: Foul Ball, location: 2F
3-2: Strikes out swinging
Batting: RHB Chris Van Niel 0-0: SINGLE (Groundball, 4, EV 95.6 MPH)
Chris Olheiser to second
Batting: RHB Jesus Santiago 0-0: Foul Ball, location: 2F
0-1: Foul Ball, location: 2F
0-2: Ball
1-2: Ball
2-2: Ball
3-2: Base on Balls
Chris Olheiser to third
Chris Van Niel to second
Batting: RHB Enrique Valdez 0-0: Ball
1-0: Called Strike
1-1: Foul Ball, location: 2F
1-2: Ball
2-2: Strikes out swinging
Bottom of the 2nd over - 0 runs, 2 hits, 0 errors, 3 left on base; Northwest Arkansas 3 - Jackson 0
TOP OF THE 3RD
Northwest Arkansas Naturals batting - Pitching for Jackson Generals : RHP Kyle Wood
Batting: LHB Edgar Ortiz 0-0: Called Strike
0-1: Ball
1-1: Ground out 4-3 (Groundball, 34D, EV 107.5 MPH)
Batting: RHB Nick Julien 0-0: Foul Ball, location: 2F
0-1: Ball
1-1: Ball
2-1: DOUBLE (Flyball, 8LXD, EV 98.1 MPH)
Batting: LHB Danny Zuniga 0-0: Called Strike
0-1: Ball
1-1: Foul Ball, location: 2F
1-2: Ball
2-2: Foul Ball, location: 2F
2-2: Ball
3-2: Ground out 6-3 (Groundball, 6, EV 94.4 MPH)
Batting: RHB Jonas Fernandez 0-0: Called Strike
0-1: Foul Ball, location: 2F
0-2: Ball
1-2: Ground out U3 (Groundball, 34S, EV 91.2 MPH)
Top of the 3rd over - 0 runs, 1 hit, 0 errors, 1 left on base; Northwest Arkansas 3 - Jackson 0
BOTTOM OF THE 3RD
Jackson Generals batting - Pitching for Northwest Arkansas Naturals : RHP Nam Phong
Batting: LHB Chris Jackson 0-0: Ball
1-0: Called Strike
1-1: Swinging Strike
1-2: Strikes out swinging
Batting: LHB Addisu Nyamekye 0-0: Called Strike
0-1: Foul Ball, location: 2F
0-2: Ball
1-2: Ground out 6-3 (Groundball, 6, EV 90.6 MPH)
Batting: RHB Kinzo Yokoyama 0-0: Called Strike
0-1: Foul Ball, location: 2F
0-2: Ball
1-2: Ground out 6-3 (Groundball, 6, EV 86.9 MPH)
Bottom of the 3rd over - 0 runs, 0 hits, 0 errors, 0 left on base; Northwest Arkansas 3 - Jackson 0
TOP OF THE 4TH
Northwest Arkansas Naturals batting - Pitching for Jackson Generals : RHP Kyle Wood
Batting: RHB Ian Hornsby 0-0: Foul Ball, location: 2F
0-1: Ball
1-1: Foul Ball, location: 2F
1-2: TRIPLE (Flyball, 9LD, EV 104.4 MPH)
Batting: LHB David Bearden 0-0: Fly out, F7 (Flyball, 78M, EV 87.5 MPH)
Runner from 3rd tags up, OUT at HOME! 7-2
Batting: RHB Trevor Kingston 0-0: Ball
1-0: Foul Ball, location: 2F
1-1: Ball
2-1: Ground out 3-1 (Groundball, 34, EV 84.4 MPH)
Top of the 4th over - 0 runs, 1 hit, 0 errors, 0 left on base; Northwest Arkansas 3 - Jackson 0
BOTTOM OF THE 4TH
Jackson Generals batting - Pitching for Northwest Arkansas Naturals : RHP Nam Phong
Batting: LHB Jason Kinney 0-0: TRIPLE (Line Drive, 78XD, EV 108.1 MPH)
Batting: RHB Chris Olheiser 0-0: Ball
1-0: Ball
2-0: Ball
3-0: Base on Balls
Batting: RHB Mike Conaway 0-0: Ball
1-0: Grounds into double play, 6-4-3 (Groundball, 56, EV 109.4 MPH)
Jason Kinney scores
Batting: RHB Chris Van Niel 0-0: Ball
1-0: Called Strike
1-1: Foul Ball, location: 2F
1-2: Strikes out swinging
Bottom of the 4th over - 1 run, 1 hit, 0 errors, 0 left on base; Northwest Arkansas 3 - Jackson 1
TOP OF THE 5TH
Northwest Arkansas Naturals batting - Pitching for Jackson Generals : RHP Kyle Wood
Batting: RHB Chad Sullivan 0-0: SINGLE (Line Drive, 7S, EV 88.8 MPH)
Batting: RHB Edwin Ramos 0-0: Called Strike
0-1: Swinging Strike
0-2: Foul Ball, location: 2F
0-2: Strikes out swinging
Batting: LHB Edgar Ortiz 0-0: 2-RUN HOME RUN (Flyball, 8RXD, EV 115.6 MPH), Distance : 450 ft
Pitching: RHP Chris Julien
Batting: RHB Nick Julien 0-0: Swinging Strike
0-1: Called Strike
0-2: Ball
1-2: Ball
2-2: Strikes out swinging
Batting: LHB Danny Zuniga 0-0: Foul Ball, location: 2F
0-1: Ball
1-1: Foul Ball, location: 2F
1-2: Ball
2-2: Hit by Pitch
Batting: RHB Jonas Fernandez 0-0: Ball
1-0: SINGLE (Flyball, 89S, EV 83.1 MPH)
Danny Zuniga to second
Batting: RHB Ian Hornsby 0-0: Ball
1-0: Called Strike
1-1: Swinging Strike
1-2: Strikes out swinging
Top of the 5th over - 2 runs, 3 hits, 0 errors, 2 left on base; Northwest Arkansas 5 - Jackson 1
BOTTOM OF THE 5TH
Jackson Generals batting - Pitching for Northwest Arkansas Naturals : RHP Nam Phong
Batting: RHB Jesus Santiago 0-0: Ball
1-0: Ball
2-0: Ball
3-0: Called Strike
3-1: SINGLE (Groundball, 4MD, EV 106.9 MPH)
Batting: RHB Enrique Valdez 0-0: Ball
1-0: Called Strike
1-1: Swinging Strike
1-2: Ball
2-2: Foul Ball, location: 2F
2-2: Fly out, F8 (Flyball, 78S, EV 91.9 MPH)
Batting: LHB Chris Jackson 0-0: Ball
1-0: Ball
Jesus Santiago steals 2nd, throwing error, E2
Jesus Santiago to third
2-0: Ball
3-0: Base on Balls
Batting: LHB Addisu Nyamekye 0-0: Foul Ball, location: 2F
0-1: Called Strike
0-2: Fly out, F9 (Flyball, 9, EV 79.4 MPH)
Batting: RHB Kinzo Yokoyama 0-0: SINGLE (Groundball, P, EV 85.6 MPH) (infield hit)
Jesus Santiago scores
Chris Jackson to second
Batting: LHB Jason Kinney 0-0: Ball
1-0: Ground out 6-3 (Groundball, 56D, EV 108.1 MPH)
Bottom of the 5th over - 1 run, 2 hits, 1 error, 2 left on base; Northwest Arkansas 5 - Jackson 2
TOP OF THE 6TH
Northwest Arkansas Naturals batting - Pitching for Jackson Generals : RHP Chris Julien
Batting: LHB David Bearden 0-0: Called Strike
0-1: Called Strike
0-2: Foul Ball, location: 2F
0-2: Foul Ball, location: 2F
0-2: Ground out 6-3 (Groundball, 6, EV 104.4 MPH)
Batting: RHB Trevor Kingston 0-0: Called Strike
0-1: Swinging Strike
0-2: Strikes out swinging
Batting: RHB Chad Sullivan 0-0: TRIPLE (Flyball, 89XD, EV 107.5 MPH)
Batting: RHB Edwin Ramos 0-0: Ball
1-0: Ground out 6-3 (Groundball, 6, EV 81.2 MPH)
Top of the 6th over - 0 runs, 1 hit, 0 errors, 1 left on base; Northwest Arkansas 5 - Jackson 2
BOTTOM OF THE 6TH
Jackson Generals batting - Pitching for Northwest Arkansas Naturals : RHP Nam Phong
Pitching: RHP Gary Ackerman
Batting: RHB Chris Olheiser 0-0: Called Strike
0-1: Called Strike
0-2: Ball
1-2: Ball
2-2: Fly out, F4 (Line Drive, 34, EV 65.0 MPH)
Batting: RHB Mike Conaway 0-0: Ball
1-0: Foul Ball, location: 2F
1-1: Foul Ball, location: 2F
1-2: SINGLE (Flyball, 8LS, EV 95.6 MPH)
Batting: RHB Chris Van Niel 0-0: Called Strike
Mike Conaway is caught stealing 2nd base 2-4
0-1: Ball
1-1: Ball
2-1: Foul Ball, location: 2F
2-2: Strikes out swinging
Bottom of the 6th over - 0 runs, 1 hit, 0 errors, 0 left on base; Northwest Arkansas 5 - Jackson 2
TOP OF THE 7TH
Northwest Arkansas Naturals batting - Pitching for Jackson Generals : RHP Chris Julien
Pitching: RHP Ian Gaines
Batting: LHB Edgar Ortiz 0-0: Ball
1-0: Foul Ball, location: 2F
1-1: Swinging Strike
1-2: Fly out, F9 (Flyball, 9LD, EV 98.8 MPH)
Batting: RHB Nick Julien 0-0: Swinging Strike
0-1: Called Strike
0-2: Strikes out looking
Batting: LHB Danny Zuniga 0-0: Swinging Strike
0-1: Ball
1-1: Ball
2-1: Fly out, F9 (Flyball, 89S, EV 87.5 MPH)
Top of the 7th over - 0 runs, 0 hits, 0 errors, 0 left on base; Northwest Arkansas 5 - Jackson 2
BOTTOM OF THE 7TH
Jackson Generals batting - Pitching for Northwest Arkansas Naturals : RHP Gary Ackerman
Pitching: RHP Justin Potts
Batting: RHB Jesus Santiago 0-0: Ball
1-0: Fly out, F9 (Flyball, 9S, EV 92.5 MPH)
Batting: RHB Enrique Valdez 0-0: Called Strike
0-1: Called Strike
0-2: Strikes out swinging
Batting: LHB Chris Jackson 0-0: Ball
1-0: Called Strike
1-1: Fly out, F8 (Line Drive, 8LM, EV 93.1 MPH)
Bottom of the 7th over - 0 runs, 0 hits, 0 errors, 0 left on base; Northwest Arkansas 5 - Jackson 2
TOP OF THE 8TH
Northwest Arkansas Naturals batting - Pitching for Jackson Generals : RHP Ian Gaines
Batting: RHB Jonas Fernandez 0-0: Called Strike
0-1: Called Strike
0-2: Strikes out swinging
Batting: RHB Ian Hornsby 0-0: Ball
1-0: Ball
2-0: Ball
3-0: Base on Balls
Batting: LHB David Bearden 0-0: Called Strike
0-1: Ball
1-1: Hit by Pitch
Ian Hornsby to second
Batting: RHB Trevor Kingston 0-0: Called Strike
0-1: Ball
1-1: Fielders Choice at 2nd, 6-4 (Groundball, 6, EV 86.9 MPH)
Ian Hornsby to third
Batting: RHB Chad Sullivan 0-0: Foul Ball, location: 2F
0-1: SINGLE (Groundball, 56D, EV 100.0 MPH)
Ian Hornsby scores
Trevor Kingston to second
Batting: RHB Edwin Ramos 0-0: Ball
1-0: Ball
2-0: Ball
3-0: Fly out, F9 (Flyball, 9LS, EV 81.9 MPH)
Top of the 8th over - 1 run, 1 hit, 0 errors, 2 left on base; Northwest Arkansas 6 - Jackson 2
BOTTOM OF THE 8TH
Jackson Generals batting - Pitching for Northwest Arkansas Naturals : RHP Justin Potts
Batting: LHB Addisu Nyamekye 0-0: Called Strike
0-1: Called Strike
0-2: Ball
1-2: Ball
2-2: Ball
3-2: Foul Ball, location: 2F
3-2: Fly out, F8 (Flyball, 8LM, EV 81.2 MPH)
Batting: RHB Kinzo Yokoyama 0-0: Ball
1-0: Swinging Strike
1-1: Swinging Strike
1-2: Ball
2-2: Ball
3-2: Ground out 6-3 (Groundball, 6, EV 86.2 MPH)
Batting: LHB Jason Kinney 0-0: Foul Ball, location: 2F
0-1: Called Strike
0-2: Ball
1-2: DOUBLE (Line Drive, 78D, EV 107.5 MPH)
Batting: RHB Chris Olheiser 0-0: Ball
1-0: DOUBLE (Line Drive, 9LM, EV 111.9 MPH)
Jason Kinney scores
Pitching: LHP Walter Whiteman
Batting: RHB Mike Conaway 0-0: Ball
1-0: Called Strike
1-1: Ball
2-1: Called Strike
2-2: Strikes out swinging
Bottom of the 8th over - 1 run, 2 hits, 0 errors, 1 left on base; Northwest Arkansas 6 - Jackson 3
TOP OF THE 9TH
Northwest Arkansas Naturals batting - Pitching for Jackson Generals : RHP Ian Gaines
Pitching: RHP Dave Williams
Batting: LHB Edgar Ortiz 0-0: Ball
1-0: Ball
2-0: Ball
3-0: Called Strike
3-1: Base on Balls
Batting: RHB Nick Julien 0-0: Called Strike
0-1: Grounds into double play, 6-4-3 (Groundball, 6S, EV 90.0 MPH)
Batting: LHB Danny Zuniga 0-0: Ball
1-0: Foul Ball, location: 2F
1-1: Ball
2-1: Foul Ball, location: 2F
2-2: Strikes out swinging
Top of the 9th over - 0 runs, 0 hits, 0 errors, 0 left on base; Northwest Arkansas 6 - Jackson 3
BOTTOM OF THE 9TH
Jackson Generals batting - Pitching for Northwest Arkansas Naturals : LHP Walter Whiteman
Pitching: RHP Malachi Shelton
Batting: RHB Chris Van Niel 0-0: Ball
1-0: Called Strike
1-1: Ground out 6-3 (Groundball, 6, EV 80.6 MPH)
Batting: RHB Jesus Santiago 0-0: Ball
1-0: Swinging Strike
1-1: Ground out 5-3 (Groundball, 5, EV 106.9 MPH)
Batting: RHB Enrique Valdez 0-0: Called Strike
0-1: Ball
1-1: Ball
2-1: Ground out 6-3 (Groundball, 6, EV 99.4 MPH)
Bottom of the 9th over - 0 runs, 0 hits, 0 errors, 0 left on base; Northwest Arkansas 6 - Jackson 3
Sunday, July 16th , 2023 - OOTP Baseball 24.6 Build 69